 Dungeon Crawl Stone Soup version 0.31-a0-1424-g2add1c7226 (webtiles) character file.

Game seed: 15312133467443288208

1799925 MackTheKnife the Conqueror (level 25, 301/301 (304) HPs)
             Began as an Oni Fighter on Dec 25, 2023.
             Was the Champion of Ru.
             Escaped with the Orb
             ... and 3 runes
             ... and 1 gem on Dec 26, 2023!
             The game lasted 01:44:59 (61739 turns).

MackTheKnife the Conqueror (Oni Fighter)           Turns: 61739, Time: 01:44:59

HP:   301/301 (304) AC: 29    Str: 39    XL:     25   Next: 56%
MP:   23/23         EV:  8    Int: 12    God:    Ru [******]
Gold: 6217          SH: 19    Dex: 13    Spells: 24/24 levels left

rFire   + + .        b - +9 broad axe (heavy) {axe}
rCold   + + +        W - +4 kite shield "Lujiqato" {rElec rPois rC+ Int+3}
rNeg    + . .        o - +1 fire dragon scales
rPois   +            U - +2 hat {Will+}
rElec   +            L - +2 ratskin cloak {*Rats rPois rN+ Str-1 Int-1 Dex+1}
rCorr   .            (gloves unavailable)
SInv    .            (boots unavailable)
Will    +++..        e - amulet of Vitality {RegenMP++ Regen++} Stlth
                     N - ring "Ginkuemu" {Fly Str+6 Int+3 Dex-2}
HPRegen 2.30/turn    X - ring of the Oligarchy {*Corrode rC+++ AC+4 Str+5 Int-2, =R}
MPRegen 0.98/turn

%: inaccuracy (-5), corrode self (3%)
@: flying, lightly drained
A: large, unfitting armour, horns 1, tough skin 1, no stealth, hated by all,
inability to train dodging, no fire magic, no hexes magic, no translocations
magic, disrupted magic 2, missing an eye, double potion healing, no forms,
drunken brawling, fangs 1, iridescent scales 1, sense surroundings 1
0: Orb of Zot
}: 3/15 runes: barnacled, silver, gossamer
a: Renounce Religion, Draw Out Power, Power Leap, Apocalypse


You escaped.
You worshipped Ru.
Ru was exalted by your worship.
You visited 10 branches of the dungeon, and saw 48 of its levels.
You also visited: Ice Cave.

You collected 7398 gold pieces.
You spent 1181 gold pieces at shops.


Innate Abilities, Weirdness & Mutations

You are too large for most types of armour.
You have a pair of small horns on your head.
You have tough skin. (AC +1)
You cannot be stealthy.
You are hated by all.
You cannot train Dodging skill.
You cannot study or cast Fire magic.
You cannot study or cast Hexes magic.
You cannot study or cast Translocations magic.
Your casting is disrupted.
You are missing an eye, making it more difficult to aim.
You gain doubled healing and magic from potions.
You cannot voluntarily change form.
Whenever you drink a healing potion, you attack all around you.
You have very sharp teeth.
You are partially covered in iridescent scales. (AC +2)
You passively map a small area around you.


   Skills:
 O Level 27 Fighting
 - Level 15.1(18.0) Axes
 - Level 16.0(18.4) Maces & Flails
 - Level 20.0 Armour
 - Level 20.0 Shields
 + Level 13.5 Evocations


You had 24 spell levels left.
You didn't know any spells.
Your spell library contained the following spells:

 Spells                   Type           Power      Damage    Failure   Level
 Magic Dart               Conj           0%         1d3       67%         1
 Necrotise                Necr           0%         1d4       67%         1
 Shock                    Conj/Air       0%         1d3       67%         1
 Sting                    Conj/Alch      0%         1d3       67%         1
 Cigotuvi's Dreadful Rot  Necr/Alch/Air  0%         N/A       80%         2
 Mercury Vapours          Alch/Air       0%         N/A       80%         2
 Passwall                 Alch/Erth      0%         N/A       80%         2
 Static Discharge         Conj/Air       0%         3-3/arc   80%         2
 Sublimation of Blood     Necr           0%         N/A       80%         2
 Frozen Ramparts          Ice            0%         1d1       94%         3
 Fugue of the Fallen      Necr           0%         N/A       94%         3
 Mephitic Cloud           Conj/Alch/Air  0%         N/A       94%         3
 Ozocubu's Armour         Ice            0%         N/A       94%         3
 Swiftness                Air            0%         N/A       94%         3
 Vampiric Draining        Necr           0%         2d6       94%         3
 Airstrike                Air            0%         2d(0-16)  100%        4
 Dispel Undead            Necr           0%         3d6       100%        4
 Fulminant Prism          Conj/Alch      0%         3d5       100%        4
 Leda's Liquefaction      Alch/Erth      0%         N/A       100%        4
 Olgreb's Toxic Radiance  Alch           0%         N/A       100%        4
 Petrify                  Alch/Erth      0%         N/A       100%        4
 Agony                    Necr           0%         N/A       100%        5
 Arcjolt                  Conj/Air       0%         1d10      100%        5
 Freezing Cloud           Conj/Ice/Air   0%         6-21      100%        5
 Lee's Rapid Deconstruct  Erth           0%         3d4*      100%        5
 Orb of Destruction       Conj           0%         9d5       100%        7
 Ozocubu's Refrigeration  Ice            0%         4d7       100%        7
 Borgnjor's Revivificati  Necr           0%         N/A       100%        8
 Maxwell's Capacitive Co  Air            0%         ∞         100%        8
 Death's Door             Necr           0%         N/A       100%        9
 Foxfire                  Conj/Fire      Unusable   2x1d4     N/A         1
 Slow                     Hex            Unusable   N/A       N/A         1
 Summon Small Mammal      Summ           Unusable   N/A       N/A         1
 Blink                    Tloc           Unusable   N/A       N/A         2
 Call Imp                 Summ           Unusable   N/A       N/A         2
 Ensorcelled Hibernation  Hex/Ice        Unusable   N/A       N/A         2
 Jinxbite                 Hex            Unusable   N/A       N/A         2
 Lesser Beckoning         Tloc           Unusable   N/A       N/A         2
 Momentum Strike          Conj/Tloc      Unusable   3d8       N/A         2
 Scorch                   Fire           Unusable   2d5       N/A         2
 Call Canine Familiar     Summ           Unusable   N/A       N/A         3
 Confusing Touch          Hex            Unusable   N/A       N/A         3
 Gell's Gravitas          Tloc           Unusable   N/A       N/A         3
 Inner Flame              Hex/Fire       Unusable   N/A       N/A         3
 Sigil of Binding         Hex            Unusable   N/A       N/A         3
 Summon Guardian Golem    Hex/Summ       Unusable   N/A       N/A         3
 Teleport Other           Tloc           Unusable   N/A       N/A         3
 Tukima's Dance           Hex            Unusable   N/A       N/A         3
 Volatile Blastmotes      Fire/Tloc      Unusable   2d10      N/A         3
 Anguish                  Hex/Necr       Unusable   N/A       N/A         4
 Animate Dead             Necr           Unusable   N/A       N/A         4
 Dimensional Bullseye     Hex/Tloc       Unusable   N/A       N/A         4
 Flame Wave               Conj/Fire      Unusable   2d4       N/A         4
 Iskenderun's Mystic Bla  Conj/Tloc      Unusable   2d3       N/A         4
 Manifold Assault         Tloc           Unusable   N/A       N/A         4
 Sticky Flame             Fire/Alch      Unusable   2d4       N/A         4
 Summon Lightning Spire   Summ/Air       Unusable   N/A       N/A         4
 Vhi's Electric Charge    Tloc/Air       Unusable   N/A       N/A         4
 Metabolic Englaciation   Hex/Ice        Unusable   N/A       N/A         5
 Yara's Violent Unravell  Hex/Alch       Unusable   3d3       N/A         5
 Death Channel            Necr           Unusable   N/A       N/A         6
 Dispersal                Tloc           Unusable   N/A       N/A         6
 Plasma Beam              Fire/Air       Unusable   2x1d10    N/A         6
 Simulacrum               Ice/Necr       Unusable   N/A       N/A         6
 Starburst                Conj/Fire      Unusable   6d3       N/A         6
 Summon Cactus Giant      Summ           Unusable   N/A       N/A         6
 Enfeeble                 Hex            Unusable   N/A       N/A         7
 Haunt                    Necr/Summ      Unusable   N/A       N/A         7
 Spellforged Servitor     Conj/Summ      Unusable   N/A       N/A         7
 Summon Hydra             Summ           Unusable   N/A       N/A         7
 Discord                  Hex            Unusable   N/A       N/A         8

Inventory:

Hand Weapons
 a - a +8 morningstar of protection {mace}
   (You took it off Harold on level 1 of the Orcish Mines)
 b - a +9 heavy broad axe (weapon) {axe}
   (You subdued it on level 1 of the Elven Halls)
Armour
 c - a +0 tower shield
   (You took it off a vault warden on level 4 of the Vaults)
 d - the +0 kite shield of Trumpets {Fly Slay+3}
   (You acquired it on level 2 of the Spider Nest)

   Slay+3:    It affects your accuracy & damage with ranged weapons and melee
   (+3).
   Fly:       It grants you flight.
 o - +1 fire dragon scales (worn)
   (You found it on level 5 of the Lair of Beasts)
 L - the +2 ratskin cloak (worn) {*Rats rPois rN+ Str-1 Int-1 Dex+1}
   (You found it on level 3 of the Elven Halls)

   *Rats:     When the wearer is hurt, rats may emerge from it to assist them.
   Str-1:     It affects your strength (-1).
   Int-1:     It affects your intelligence (-1).
   Dex+1:     It affects your dexterity (+1).
   rPois:     It protects you from poison rN+: It protects you from negative
   energy.
 U - a +2 hat of willpower (worn)
   (You found it on level 12 of the Dungeon)
 W - the +4 kite shield "Lujiqato" (worn) {rElec rPois rC+ Int+3}
   (You found it on level 5 of the Vaults)

   Int+3:     It affects your intelligence (+3).
   rC+:       It protects you from cold.
   rElec:     It insulates you from electricity.
   rPois:     It protects you from poison
Jewellery
 e - the amulet of Vitality (around neck) {RegenMP++ Regen++}
   (You found it on level 4 of the Shoals)

   [amulet of magic regeneration]

   RegenMP:   It increases your rate of magic regeneration.
   Regen++:   It increases your rate of health regeneration.
 g - the necklace of Bloodlust {Fury *Rage Will++ Int-3 Slay+6}
   (You found it on level 4 of the Depths)

   [amulet of nothing]

   Fury:      It extends the wearer's berserk rage when killing foes.
   Int-3:     It affects your intelligence (-3).
   Slay+6:    It affects your accuracy & damage with ranged weapons and melee
   (+6).
   Will++:    It greatly increases your willpower.
   *Rage:     It berserks you when you make melee attacks (+50% chance).
 h - the ring "Qonaude" {Dex+7 SInv}
   (You acquired it on level 1 of the Lair of Beasts)

   [ring of see invisible]

   Dex+7:     It affects your dexterity (+7).
   SInv:      It lets you see invisible.
 m - the amulet of Mistrust {rElec rN+++ Regen+ Str-5 Dex+3}
   (You found it on level 3 of the Elven Halls)

   [amulet of regeneration]

   Str-5:     It affects your strength (-5).
   Dex+3:     It affects your dexterity (+3).
   rElec:     It insulates you from electricity.
   rN+++:     It renders you almost immune to negative energy.
   Regen+:    It increases your rate of health regeneration.
 D - the amulet of the Muttering Gods {Acrobat rF+ Stlth+}
   (You took it off a deep elf master archer on level 3 of the Elven Halls)

   [amulet of the acrobat]

   Acrobat:   It increases your evasion while moving and waiting.
   rF+:       It protects you from fire.
   Stlth+:    It makes you more stealthy.
 I - a ring of wizardry
   (You took it off a deep elf high priest on level 5 of the Vaults)
 N - a ring "Ginkuemu" (left hand) {Fly Str+6 Int+3 Dex-2}
   (You found it on level 3 of the Elven Halls)

   [ring of strength]

   Str+6:     It affects your strength (+6).
   Int+3:     It affects your intelligence (+3).
   Dex-2:     It affects your dexterity (-2).
   Fly:       It grants you flight.
 P - the amulet "Keeb Durch" {Faith Dex+4 Slay+2}
   (You took it off a vault warden on level 5 of the Vaults)

   [amulet of faith]

   Faith:     It allows you to gain divine favour quickly.
   Dex+4:     It affects your dexterity (+4).
   Slay+2:    It affects your accuracy & damage with ranged weapons and melee
   (+2).
 X - the ring of the Oligarchy (right hand) {*Corrode rC+++ AC+4 Str+5 Int-2, =R}
   (You found it on level 12 of the Dungeon)

   [ring of protection]

   AC+4:      It affects your AC (+4).
   Str+5:     It affects your strength (+5).
   Int-2:     It affects your intelligence (-2).
   rC+++:     It renders you almost immune to cold.
   *Corrode:  It may corrode you when you take damage.
 Y - the ring "Geiteib" {rElec rPois Will+ Str+2 Dex+3}
   (You found it on level 15 of the Dungeon)

   [ring of poison resistance]

   Str+2:     It affects your strength (+2).
   Dex+3:     It affects your dexterity (+3).
   rElec:     It insulates you from electricity.
   rPois:     It protects you from poison Will+: It increases your willpower.
Wands
 j - a wand of iceblast (38)
   (You found it on level 8 of the Dungeon)
 F - a wand of digging (14)
   (You found it on level 3 of the Elven Halls)
 G - a wand of polymorph (6)
   (You found it on level 9 of the Dungeon)
 H - a wand of acid (19)
   (You found it on level 10 of the Dungeon)
 J - a wand of flame (106)
   (You found it on level 10 of the Dungeon)
Scrolls
 f - 2 scrolls of poison {!r}
 n - a scroll of silence {!r}
 q - 5 scrolls of fog
 s - 3 scrolls of revelation
 t - 5 scrolls of vulnerability {!r!r}
 u - 7 scrolls of immolation {!r!r}
 w - 4 scrolls of blinking {!r}
 A - 28 scrolls of identify {@r1}
 C - 6 scrolls of teleportation {@r4}
 T - 8 scrolls of fear
Potions
 k - 6 potions of heal wounds {@q2}
 v - 2 potions of cancellation
 x - 12 potions of brilliance
 y - 7 potions of curing {@q1}
 z - 3 potions of haste {@q3}
 E - 3 potions of attraction {!q}
 K - 3 potions of might
 M - 6 potions of enlightenment
 O - 2 potions of berserk rage {!q}
 Q - 8 potions of ambrosia
 R - 5 potions of resistance
 S - 8 potions of mutation {!q}
 Z - a potion of invisibility
Miscellaneous
 i - a lightning rod (4/4)
   (You found it on level 4 of the Shoals)
 l - a phial of floods
   (You found it in an ice cave)
 r - a condenser vane
   (You found it on level 3 of the Shoals)

Dungeon Overview and Level Annotations

Branches:
Dungeon (15/15)            Temple (1/1) D:7            Lair (5/5) D:8
 Shoals (4/4) Lair:3       Spider (4/4) Lair:3        Slime (0/5) Lair:4
    Orc (2/2) D:10            Elf (3/3) Orc:2        Vaults (5/5) D:14
  Crypt (0/3) Vaults:2     Depths (4/4) D:15            Zot (5/5) Depths:4
  IceCv (visited)

Altars:
Ashenzari
Cheibriados
Dithmenos
Elyvilon
Gozag
Kikubaaqudgha
Makhleb
Nemelex Xobeh
Okawaru
Qazlal
Ru
Sif Muna
Trog
Uskayaw
Vehumet
Wu Jian
Xom
Zin
The Shining One

Shops:
D:10 [   Orc:2 ??[[   Elf:2 =   Elf:3 ==:   Shoals:2 (   Vaults:1 (
Vaults:2 [   Vaults:5 *   Depths:4 :

Portals:
Hell: Depths:1 Depths:2 Depths:3 Depths:4
Abyss: Depths:1 Depths:3
Pandemonium: Depths:1 Depths:2 Depths:4
Ziggurat: Depths:4
Trove: Vaults:1 (give +6 demon blade)

Annotations:
D:4 Pikel
D:6 3 runed translucent doors, SlaveLabor's ghost, novice TeHu
Lair:2 1 runed translucent door, Inarius's ghost, journeyman KoCK
Orc:1 3 runed translucent doors, Cinolulu's ghost, journeyman DEIE
Orc:2 3 runed translucent doors, crawlacc's ghost, journeyman MiFi
Depths:4 5 runed translucent doors

##>.....#.###.#..#.# #......
#.......#.###.#.##.# #......
#.......#.......##.#######.#
#.......#.#####............#
#....................#######
#........###########.).### #
#.......###P#P♣....'.#...###
#......##♣.#.♣..~~~###......
#.......##♣@....8~## #......
#####..##♣.#.♣..~~~###......
##..###P#P♣....+.#...>..
#...###########.....###
#.#..........#)...###
##.#######.......###
#..#.......#..##.#
#.#..########....# ♣♣♣
#...#######...>#####♣♣P♣


There were no monsters in sight!


Message History

Blink to where?
Press: ? - help, Dir - move target
As you read the scroll of blinking {!r}, it crumbles to dust.
Daf Asy gestures at you.
The spray of metal splinters hits you but does no damage. 😮 HP[+2]
You regained 2 hp, and now have 222/300 hp.
You fly upwards.
Level annotation: Pikel
There is a stone staircase leading down here. 😕 HP[+6]
You regained 6 hp, and now have 228/300 hp. 😕 HP[+2]
You regained 2 hp, and now have 230/300 hp.
There is a stone staircase leading up, spattered with blood here. 😕 HP[+2]
You regained 2 hp, and now have 232/300 hp.
You fly upwards.
There is a stone staircase leading down here. 😕 HP[+6]
You regained 6 hp, and now have 238/300 hp. 😕 HP[+2]
You regained 2 hp, and now have 240/300 hp. 😕 HP[+3]
You regained 3 hp, and now have 243/300 hp. 😕 HP[+2]
You regained 2 hp, and now have 245/300 hp. 😕 HP[+2]
You regained 2 hp, and now have 247/300 hp. 😕 HP[+2]
You regained 2 hp, and now have 249/300 hp. 😕 HP[+3]
You regained 3 hp, and now have 252/300 hp.
There is a stone staircase leading up here. 😕 HP[+2]
You regained 2 hp, and now have 254/300 hp.
You fly upwards.
There is a stone staircase leading down here. 😕 HP[+6]
You regained 6 hp, and now have 260/300 hp.
There is an escape hatch in the ceiling here. 😕 HP[+18]
You regained 18 hp, and now have 278/300 hp.
A mysterious force pulls you upwards. The hatch slams shut behind you.
You see here a +0 club {mace}. 😕 HP[+4]
You regained 4 hp, and now have 282/300 hp.
A green death comes into view. 😎 HP[+18]
Your hp is fully restored (300).
You barely miss the green death. You block the green death's attack.
You barely miss the green death. You block the green death's attack.
You barely miss the green death. You headbutt the green death.
The green death gestures at you. The bolt of poison hits you.
You are poisoned.
You resist. 😕 HP[-5]
You take 5 damage, and now have 295/300 hp.
You slash the green death! You headbutt the green death!
You feel very sick.
You block the green death's attack. 😕 HP[-3]
You take 3 damage, and now have 292/300 hp.
You barely miss the green death.
You feel very sick.
You block the green death's attack. 😕 HP[-1]
You take 1 damage, and now have 291/300 hp.
You chop the green death into pieces!!!
You kill the green death!
You feel very sick.
You now have 301 max hp (+1).
You feel very sick. 😕 HP[-1]
You take 1 damage, and now have 290/301 hp.
You feel sick. 😕 HP[+1]
You feel sick.
There is an open door here. 😕 HP[+1]
You feel sick. 😕 HP[+1]
You feel sick. 😕 HP[+1]
You feel sick. 😕 HP[+2]
You regained 2 hp, and now have 296/301 hp.
You feel sick. 😕 HP[+1]
You feel sick.
You are no longer poisoned. 😕 HP[+1] 😎 HP[+3]
Your hp is fully restored (301).
You chop the plant into pieces!!!
The plant begins to die.
You headbutt the plant! You slash the plant!
The plant begins to die.
A nearby plant withers and dies. x2
There is a staircase leading out of the dungeon here.
You have escaped!

Skill      XL: |  1  2  3  4  5  6  7  8  9 10 11 12 13 14 15 16 17 18 19 20 21 22 23 24 25 |
---------------+----------------------------------------------------------------------------+-----
Fighting       | 5 6 7 9 11 13 15 17 18 20 21 23 24 25 27 | 27.0
Maces & Flails | 3 4 5 6 8 10 11 12 14 15 16 | 16.0
Shields        | 6 9 10 12 13 14 15 16 17 19 20 | 20.0
Dodging        | 3 0 |  0.0
Armour         | 5 7 9 11 12 14 15 16 20 | 20.0
Evocations     | 2 6 9 10 13 | 13.5
Axes           | 11 15 | 15.1

Action                     |  1- 3 |  4- 6 |  7- 9 | 10-12 | 13-15 | 16-18 | 19-21 | 22-24 | 25-27 || total
---------------------------+-------+-------+-------+-------+-------+-------+-------+-------+-------++-------
  Melee: Flail             |   102 |   181 |   239 |   421 |  1056 |       |       |       |       ||  1999
         Headbutt          |    10 |    23 |    47 |   101 |   314 |   234 |   257 |   268 |    52 ||  1306
         Bite              |       |       |     4 |    62 |   173 |   109 |   142 |   163 |    28 ||   681
         Morningstar       |       |       |       |       |   375 |  1101 |  1165 |   147 |       ||  2788
         Broad axe         |       |       |       |       |       |       |       |   879 |   212 ||  1091
   Fire: Sling             |       |       |    11 |       |       |       |       |       |       ||    11
  Throw: Dart              |     2 |    14 |     9 |     3 |     4 |       |       |       |       ||    32
 Invoke: Sacrifice an Eye  |       |       |       |     1 |       |       |       |       |       ||     1
         Sacrifice Nimblen |       |       |       |     1 |       |       |       |       |       ||     1
         Sacrifice Love    |       |       |       |       |     1 |       |       |       |       ||     1
         Draw Out Power    |       |       |       |       |     2 |     2 |     4 |     8 |     2 ||    18
         Reject Sacrifices |       |       |       |       |     1 |     1 |       |       |       ||     2
         Sacrifice Essence |       |       |       |       |     1 |     1 |       |       |       ||     2
         Apocalypse        |       |       |       |       |     1 |     3 |     3 |     2 |     1 ||    10
         Sacrifice Stealth |       |       |       |       |     1 |       |       |       |       ||     1
         Sacrifice Arcana  |       |       |       |       |     1 |       |       |       |       ||     1
         Sacrifice Forms   |       |       |       |       |       |     1 |       |       |       ||     1
  Evoke: Wand              |       |       |     4 |     2 |     8 |     5 |     5 |     3 |     1 ||    28
         Box of beasts     |       |       |       |     1 |     1 |       |       |       |       ||     2
         Lightning rod     |       |       |       |       |       |     4 |     7 |    10 |       ||    21
         Condenser vane    |       |       |       |       |       |       |     3 |     2 |       ||     5
         Phial of floods   |       |       |       |       |       |       |       |     1 |       ||     1
    Use: Scroll            |     1 |     2 |     7 |    10 |    23 |     9 |    10 |    11 |    13 ||    86
         Potion            |       |     1 |     8 |     3 |     4 |     7 |     1 |     9 |     8 ||    41
   Stab: Sleeping          |       |       |     2 |       |     1 |       |       |       |       ||     3
         Invisible         |       |       |       |       |    13 |     9 |    12 |    19 |    25 ||    78
         Distracted        |       |       |       |       |     1 |     7 |     6 |     4 |     2 ||    20
         Petrifying        |       |       |       |       |     1 |       |       |       |       ||     1
         Paralysed         |       |       |       |       |       |    11 |     6 |     7 |     1 ||    25
 Armour: Robe              |    67 |   163 |   182 |    37 |       |       |       |       |       ||   449
         Skin              |       |       |    14 |    28 |    19 |       |       |       |       ||    61
         Acid dragon scale |       |       |       |   291 |   408 |       |       |       |       ||   699
         Fire dragon scale |       |       |       |       |   541 |  1353 |  1170 |  1085 |   215 ||  4364
  Dodge: Dodged            |    41 |    66 |    80 |   115 |   321 |   349 |   314 |   195 |    69 ||  1550
  Block: Kite shield       |    39 |    77 |   114 |   217 |   806 |   778 |   744 |   129 |   202 ||  3106
         Tower shield      |       |       |       |       |       |       |       |  1063 |       ||  1063

Levels and vault maps discovered:
D:1:      tarquinn_simple_flora_water_d, layout_rooms, serial_forest,
          infiniplex_forest_clump_small, infiniplex_forest_3_way,
          infiniplex_forest_straight_4, infiniplex_forest_clump_tiny,
          infiniplex_forest_straight_4, infiniplex_forest_clump_tiny,
          infiniplex_forest_straight_1, infiniplex_forest_straight_2,
          infiniplex_forest_clump_C, minmay_misc_feat_room,
          minmay_tree_intersection, minmay_misc_feat_encased, nicolae_the_louvre
D:2:      layout_loops_ring, serial_bayou_pond_e, uniq_sigmund, uniq_jessica
D:3:      layout_rooms
D:4:      layout_gridville, grunt_decor_junction, uniq_pikel, uniq_edmund
D:5:      layout_cave_pools
D:6:      layout_basic, biasface_ghost_orc_armoury
D:7:      layout_basic, evilmike_ruin_ashenzari,
          minmay_temple_entry_gardened_gates, nicolae_beast_mode, uniq_maurice
D:8:      layout_loops_corners, dpeg_lair_monsters, dk_noncrumbling_2
D:9:      layout_loops_ring
D:10:     minmay_bloctagon_deflated, layout_long_grid,
          gammafunk_temple_overflow_pools, david_orc_4, serial_shops, shop
D:11:     layout_loops_corners, portal_ice_cave_demonic_guard, led_sif_pool
D:12:     gammafunk_indiana_jones, layout_basic, nicolae_tricolors
D:13:     layout_cave_pods
D:14:     layout_rooms, hellmonk_vaults_keyhole, nicolae_lava_and_water,
          vehumet_crystals
D:15:     grunt_enter_depths_snipers, layout_cave_pools,
          gammafunk_ghost_berserking_beasts
Temple:   nicolae_temple_bog_church
Lair:1:   layout_concentric_octagons, beast_lair_carwin_4
Lair:2:   layout_cave_pods, ebering_ghost_inner_flame, lemuel_old_faithful
Lair:3:   layout_gridlike, nicolae_shoals_entry_roost, spider_nest_entry_a,
          nzn_masters_of_martial_movement, grunt_megastairs_2
Lair:4:   lemuel_reptile_caves, layout_long_grid, slime_entry_2, uniq_urug
Lair:5:   wormcave, layout_hall_layers, basic_altar, ldierk_geyser
Shoals:1: layout_shoals, hangedman_shoal_volcano
Shoals:2: layout_shoals, serial_shops, shop, nicolae_shoals_dead_sea_scrolls
Shoals:3: layout_shoals, ebering_ghost_davey_jones
Shoals:4: shoals_end_grunt_ice, layout_shoals, shoals_ilsuiw_alternative
Spider:1: layout_chambers, nicolae_spider_nook
Spider:2: layout_spider_delve
Spider:3: layout_chambers, uniq_arachne
Spider:4: hellmonk_spider_rune_endless_swarm
Orc:1:    layout_diamond_mine, gammafunk_ghost_necromancy, uniq_harold
Orc:2:    st_orc_mages, layout_diamond_mine, serial_shops,
          nicolae_shop_window_shopping, maelrawn_ghost_gauntlet_escape
Elf:1:    eino_elf_arrival_the_gate, layout_gridlike, nicolae_elf_crossing_hall,
          hangedman_decor_cross_pass, uniq_nikola, uniq_norris
Elf:2:    elven_hall_of_blades_hangedman_alternative [grunt_blade_entry_basic],
          layout_geoelf_octagon, serial_shops, shop, uniq_zenata
Elf:3:    minmay_elf_hall, layout_onion_city, minmay_shop_grove,
          uniq_saint_roka, uniq_aizul
Vaults:1: nicolae_vaults_ellipses_ellipsis, nicolae_vaults_sealed_display,
          nicolae_vaults_meiosis, v_misc_13,
          vaults_standard_mumra_enter_the_diamond, hangedman_vaults_cutoff,
          nicolae_vaults_variable_pillar_hall, nicolae_vaults_house_3,
          grunt_vaults_hallway_short, v_misc_12, layout_vaults_omnigrid,
          serial_shops, shop, nicolae_trove_entry_path_of_doom
Vaults:2: nicolae_vaults_hallways_thing, hangedman_vaults_cutoff, v_misc_19,
          nicolae_vaults_trapezoid_1, vaults_room_door_ring,
          nicolae_vaults_two_Ls, layout_vaults_big_room,
          minmay_crypt_entry_necro_gods, serial_shops, shop_statue
Vaults:3: hangedman_vaults_cutoff, nicolae_vaults_little_squares_2, v_misc_3,
          hangedman_vaults_unwind, v_misc_9, nicolae_vaults_closet_pinwheel_1,
          nicolae_vaults_storage_closets_3, nicolae_vaults_hexular_roomagon,
          vaults_dpeg_ring, nicolae_vaults_tetromino_L_1,
          layout_vaults_maze_snakey
Vaults:4: vaults_dpeg_diagonal, ontoclasm_vaults_bender, v_rooms_5,
          nicolae_vaults_angled_halls, nicolae_vaults_steering_wheel,
          hangedman_vaults_corner_blocks, v_rooms_2,
          nicolae_vaults_stepped_doors, nicolae_vaults_diffraction_hallways,
          grunt_vaults_twisty, v_rooms_5, nicolae_vaults_little_squares_4,
          serial_ice_b, nicolae_vaults_little_squares_4, layout_vaults_big_cross
Vaults:5
Depths:1: layout_cave_pools, nicolae_abyss_entry_one_way_or_another,
          hellmouth_1, pan_entry, lemuel_freeze_loot_1
Depths:2: minmay_central_circle, layout_gridlike, hell_entry, pan_entry,
          infiniplex_staircase_river
Depths:3: nicolae_BIG_FREAKIN_CUBE, layout_cross, abyss_entry, hell_entry,
          elyvilon_altar_5
Depths:4: evilmike_zot_entry_castle, layout_gridlike, enter_ziggurat_b,
          minmay_misc_feat_doors, hell_entry, rand_demon_pan_entry_1,
          serial_shops, nicolae_shop_waterfront, nemelex_spade_bored_becter
Zot:1:    layout_misc_corridors, regret_index_zotdec_misc_clamp, st_stairs_7,
          evilmike_ambush [evilmike_ambush_outer_basic,
          evilmike_ambush_inner_basic]
Zot:2:    hangedman_snap_crack_crunch, layout_cathedral_of_symmetry,
          st_large_dragon_hoard_1
Zot:3:    layout_onion_interference
Zot:4:    gammafunk_sealed_arena, layout_misc_corridors,
          regret_index_zotdec_carving_tricks
Zot:5:    layout_misc_corridors, grunt_ministairs_15, st_stairs_9, drop_trap,
          uniq_tiamat

Notes
Turn   | Place    | Note
-------+----------+-------------------------------------------
     0 | D:1      | MackTheKnife the Oni Fighter began the quest for the Orb.
     0 | D:1      | Reached XP level 1. HP: 24/24 MP: 1/1
     0 | D:1      | magus.rc [v1.9.6]
   117 | D:1      | Reached XP level 2. HP: 33/33 MP: 2/2
   507 | D:1      | Reached XP level 3. HP: 41/41 MP: 3/3
   907 | D:2      | Noticed Sigmund
  1026 | D:2      | Reached skill level 5 in Fighting
  1026 | D:2      | Reached skill level 3 in Maces & Flails
  1204 | D:2      | Reached XP level 4. HP: 40/50 MP: 4/4
  1323 | D:2      | Noticed Jessica
  1330 | D:2      | Killed Jessica
  1510 | D:2      | You add the spells Gell's Gravitas, Teleport Other and
                  | Dispersal to your library.
  1812 | D:3      | Reached XP level 5. HP: 43/59 MP: 5/5
  1941 | D:3      | Reached skill level 6 in Fighting
  2033 | D:3      | Reached skill level 4 in Maces & Flails
  2667 | D:4      | Reached XP level 6. HP: 68/68 MP: 6/6
  2762 | D:4      | HP: 16/68 [orc/+0 trident (2)]
  3080 | D:4      | Noticed Edmund
  3095 | D:4      | Killed Edmund
  3096 | D:4      | Reached skill level 7 in Fighting
  3096 | D:4      | Reached skill level 5 in Maces & Flails
  3366 | D:4      | Reached XP level 7. HP: 46/79 MP: 7/7
  3382 | D:4      | Noticed Pikel
  4080 | D:2      | Killed Sigmund
  4081 | D:2      | Reached skill level 8 in Fighting
  4081 | D:2      | Reached skill level 6 in Maces & Flails
  4244 | D:5      | Entered Level 5 of the Dungeon
  4297 | D:5      | Identified the +8 sling of Beyond {drain, rElec rC+}
  4320 | D:5      | You pick up a book of Dreams and begin reading...
  4320 | D:5      | You add the spells Ensorcelled Hibernation, Fugue of the
                  | Fallen and Anguish to your library.
  4599 | D:5      | Reached skill level 9 in Fighting
  4599 | D:5      | Reached XP level 8. HP: 92/92 MP: 8/8
  4669 | D:5      | Reached skill level 7 in Maces & Flails
  4797 | D:5      | You pick up a book of Storms and begin reading...
  4797 | D:5      | You add the spells Static Discharge, Airstrike and Summon
                  | Lightning Spire to your library.
  5319 | D:6      | Reached skill level 10 in Fighting
  5541 | D:6      | Found a runed translucent gate.
  5541 | D:6      | Found a runed translucent gate.
  5543 | D:6      | Found a runed translucent gate.
  5544 | D:6      | Noticed SlaveLabor's ghost (novice TeHu)
  5555 | D:6      | Identified the +2 plate armour of the Volcano {^Drain +Inv
                  | MP+9 Dex+2}
  5588 | D:6      | Reached skill level 8 in Maces & Flails
  5745 | D:6      | You pick up a book of Sloth and begin reading...
  5745 | D:6      | You add the spells Frozen Ramparts, Leda's Liquefaction,
                  | Petrify and Metabolic Englaciation to your library.
  6102 | D:7      | Noticed Maurice
  6110 | D:7      | Noticed a juvenile oxsting beast
  6271 | D:7      | Reached skill level 11 in Fighting
  6271 | D:7      | Reached XP level 9. HP: 105/105 MP: 9/9
  6346 | D:7      | Noticed a hornet
  6358 | D:7      | Paralysed by a hornet for 1 turns
  6368 | D:7      | Killed a hornet
  6368 | D:7      | HP: 38/157 [poisoned by a hornet]
  6373 | D:7      | HP: 35/157 [poisoned by a hornet]
  6649 | D:7      | HP: 26/105 [juvenile oxsting beast (3)]
  6651 | D:7      | Killed a juvenile oxsting beast
  6652 | D:7      | Reached skill level 9 in Maces & Flails
  6659 | D:7      | Reached skill level 12 in Fighting
  6857 | D:7      | Found a broken altar of Ashenzari.
  6958 | D:7      | Found a staircase to the Ecumenical Temple.
  6966 | Temple   | Entered the Ecumenical Temple
  6974 | Temple   | Became a worshipper of Ru the Awakened
  7389 | D:7      | Maurice stole 253 gold
  7391 | D:7      | Something stole the +8 sling of Beyond {drain, rElec rC+}
  7392 | D:7      | Something stole a box of beasts
  7394 | D:7      | HP: 26/105 [poisoned by Maurice]
  7742 | D:7      | Gained mutation: You are partially covered in iridescent
                  | scales. (AC +2) [potion of mutation]
  7742 | D:7      | Gained mutation: You passively map a small area around you.
                  | [potion of mutation]
  7742 | D:7      | Gained mutation: You have very sharp teeth. [potion of
                  | mutation]
  7963 | D:8      | Noticed a death yak
  8451 | D:8      | You pick up a book of Flames and begin reading...
  8451 | D:8      | You add the spells Inner Flame, Sticky Flame and Flame Wave
                  | to your library.
  8511 | D:8      | Noticed a death yak
  8533 | D:8      | Killed a death yak
  8534 | D:8      | Reached skill level 13 in Fighting
  8534 | D:8      | Reached skill level 10 in Maces & Flails
  8534 | D:8      | Reached XP level 10. HP: 71/119 MP: 10/10
  8720 | D:8      | Noticed a death yak
  8720 | D:8      | Noticed a death yak
  8720 | D:8      | Noticed a death yak
  8764 | D:8      | Killed a death yak
  8765 | D:8      | Killed a death yak
  8766 | D:8      | Reached skill level 14 in Fighting
  8772 | D:8      | Reached skill level 11 in Maces & Flails
  8773 | D:8      | Killed a death yak
  9044 | D:8      | You pick up a book of Weapons and begin reading...
  9044 | D:8      | You add the spells Tukima's Dance, Dimensional Bullseye and
                  | Iskenderun's Mystic Blast to your library.
  9239 | D:8      | Gained mutation: You are missing an eye, making it more
                  | difficult to aim. [Ru sacrifice]
  9239 | D:8      | Reached * piety under Ru
  9267 | D:8      | Found a staircase to the Lair.
  9752 | D:8      | Killed a death yak
  9753 | D:8      | Reached skill level 15 in Fighting
  9753 | D:8      | Reached XP level 11. HP: 101/132 MP: 11/11
  9881 | D:7      | Something stole a ring of fire
  9883 | D:7      | Killed Maurice
 10214 | D:9      | Reached skill level 12 in Maces & Flails
 10269 | D:9      | Reached skill level 3 in Shields
 10442 | D:9      | Reached skill level 16 in Fighting
 10762 | D:9      | Reached skill level 4 in Shields
 10846 | D:9      | You pick up a book of Vapours and begin reading...
 10846 | D:9      | You add the spells Mercury Vapours, Mephitic Cloud and
                  | Freezing Cloud to your library.
 11117 | D:10     | Entered Level 10 of the Dungeon
 11324 | D:10     | Found Wish's Antique Armour Emporium.
 11333 | D:10     | Bought an embroidered scarf for 256 gold pieces
 11563 | D:10     | Noticed a cyclops
 11678 | Lair:1   | Entered Level 1 of the Lair of Beasts
 11932 | Lair:1   | Identified a scroll of acquirement
 11932 | Lair:1   | Acquired the ring "Qonaude" {Dex+7 SInv}
 12027 | Lair:1   | You pick up a book of Minor Magic and begin reading...
 12027 | Lair:1   | You add the spells Magic Dart, Blink and Call Imp to your
                  | library.
 12031 | Lair:1   | Noticed a death yak
 12031 | Lair:1   | Noticed a death yak
 12074 | Lair:1   | Killed a death yak
 12075 | Lair:1   | Reached skill level 5 in Shields
 12294 | Lair:1   | Noticed a death yak
 12296 | Lair:1   | Noticed a death yak
 12339 | D:8      | Killed a death yak
 12561 | Lair:1   | Noticed a death yak
 12581 | D:8      | Killed a death yak
 12630 | Lair:1   | Killed a death yak
 12631 | Lair:1   | Reached skill level 17 in Fighting
 12631 | Lair:1   | Reached skill level 6 in Shields
 12955 | Lair:1   | You fall into a shaft and drop 1 floor!
 12955 | Lair:2   | Noticed a skyshark
 12956 | Lair:2   | Noticed a boulder beetle
 12972 | Lair:2   | Killed a skyshark
 12973 | Lair:2   | Reached skill level 3 in Dodging
 12973 | Lair:2   | Reached XP level 12. HP: 92/148 MP: 12/12
 12981 | Lair:2   | Killed a boulder beetle
 12982 | Lair:2   | Reached skill level 7 in Shields
 13499 | Lair:2   | Noticed a skyshark
 13515 | Lair:2   | Killed a skyshark
 13516 | Lair:2   | Reached skill level 4 in Dodging
 13918 | Lair:2   | Killed a death yak
 13919 | Lair:2   | Reached skill level 5 in Dodging
 13919 | Lair:2   | Reached skill level 8 in Shields
 14063 | Lair:2   | Found a runed translucent door.
 14063 | Lair:2   | Noticed a death yak
 14064 | Lair:2   | Noticed Inarius's ghost (journeyman KoCK)
 14132 | Lair:2   | Gained mutation: You cannot train Dodging skill. [Ru
                  | sacrifice]
 14132 | Lair:2   | Reduced skill Dodging to level 0
 14132 | Lair:2   | Reached ** piety under Ru
 14160 | Lair:2   | Noticed a skyshark
 14169 | Lair:2   | Killed a skyshark
 14328 | Lair:2   | Noticed a six-headed hydra
 14396 | Lair:2   | HP: 54/222 [six-headed hydra (4)]
 14397 | Lair:2   | Killed a six-headed hydra
 14821 | Lair:2   | Reached skill level 9 in Shields
 15197 | Lair:3   | Reached skill level 18 in Fighting
 15265 | Lair:3   | Noticed a six-headed hydra
 15272 | Lair:3   | Killed a six-headed hydra
 15477 | Lair:3   | Found a hole to the Spider Nest.
 15563 | Lair:3   | Reached XP level 13. HP: 122/159 MP: 13/13
 15744 | Lair:3   | Found a staircase to the Shoals.
 15766 | Lair:3   | Reached skill level 10 in Shields
 15904 | Lair:3   | Reached skill level 19 in Fighting
 16032 | Lair:3   | Found an ornate altar of the Wu Jian Council.
 16032 | Lair:3   | Found a hide-covered altar of Uskayaw.
 16764 | Lair:4   | Noticed Urug
 16778 | Lair:4   | Killed Urug
 16926 | Lair:4   | Gained mutation: You are hated by all. [Ru sacrifice]
 16926 | Lair:4   | Reached *** piety under Ru
 16926 | Lair:4   | Reached **** piety under Ru
 16968 | Lair:4   | Found a staircase to the Slime Pits.
 17024 | Lair:4   | Reached skill level 20 in Fighting
 17024 | Lair:4   | Reached skill level 1 in Armour
 17175 | Lair:4   | Reached skill level 2 in Armour
 17451 | Lair:4   | Reached skill level 3 in Armour
 17898 | Lair:4   | Reached skill level 4 in Armour
 18070 | Lair:5   | Entered Level 5 of the Lair of Beasts
 18758 | Lair:4   | Reached skill level 5 in Armour
 18833 | Lair:4   | Reached skill level 1 in Evocations
 18982 | Lair:4   | Reached skill level 2 in Evocations
 19176 | Lair:5   | Identified the +0 dagger of Defenestration {venom, Will+}
 19189 | Lair:5   | You pick up a book of Callings and begin reading...
 19199 | Lair:5   | You add the spells Sting and Olgreb's Toxic Radiance to
                  | your library.
 19347 | Lair:5   | Reached XP level 14. HP: 170/175 MP: 14/14
 19383 | Lair:5   | Reached skill level 3 in Evocations
 19400 | Lair:5   | Found an opulent altar of Gozag.
 19690 | Lair:4   | Reached skill level 13 in Maces & Flails
 19925 | Lair:5   | Paralysed by a hornet for 2 turns
 19993 | Lair:5   | Reached skill level 4 in Evocations
 21677 | D:10     | Found a shimmering blue altar of Sif Muna.
 21778 | D:10     | Reached skill level 5 in Evocations
 22307 | D:10     | Found a staircase to the Orcish Mines.
 22319 | Orc:1    | Entered Level 1 of the Orcish Mines
 22948 | Orc:1    | Found a runed translucent gate.
 22948 | Orc:1    | Found a runed translucent gate.
 22948 | Orc:1    | Found a runed translucent gate.
 22948 | Orc:1    | Noticed Cinolulu's ghost (journeyman DEIE)
 23366 | Orc:2    | Entered Level 2 of the Orcish Mines
 23369 | Orc:2    | Noticed crawlacc's ghost (journeyman MiFi)
 23373 | Orc:2    | Found Sap Mag's Magic Scroll Emporium.
 23437 | Orc:2    | Bought a scroll of blinking for 105 gold pieces
 23464 | Orc:2    | Found a staircase to the Elven Halls.
 23628 | Orc:2    | Found a runed translucent gate.
 23628 | Orc:2    | Found a runed translucent gate.
 23628 | Orc:2    | Found a runed translucent gate.
 23808 | Orc:2    | Gained mutation: Your casting is slightly disrupted. [Ru
                  | sacrifice]
 23833 | Orc:2    | Reached skill level 14 in Maces & Flails
 24030 | Orc:2    | Reached skill level 6 in Evocations
 24170 | Orc:2    | Paralysed by an orc sorcerer for 2 turns
 24316 | Orc:1    | Noticed Harold
 24456 | Orc:1    | Killed Harold
 24895 | Orc:2    | Reached skill level 6 in Armour
 25224 | Orc:2    | Found Rarues's Armour Boutique.
 25224 | Orc:2    | Found Xerux's Armour Shop.
 25231 | Orc:2    | Found Walyca's Magic Scroll Shop.
 25288 | Orc:2    | Found Reor Yde's Distillery.
 25299 | Orc:2    | Bought 2 scrolls of brand weapon for 285 gold pieces
 25299 | Orc:2    | Bought a scroll of blinking for 112 gold pieces
 25299 | Orc:2    | Bought a scroll of enchant weapon for 112 gold pieces
 25299 | Orc:2    | Bought a scroll of teleportation for 45 gold pieces
 25299 | Orc:2    | Bought a scroll of teleportation for 45 gold pieces
 25299 | Orc:2    | Bought a scroll of identify for 30 gold pieces
 25299 | Orc:2    | Bought a scroll of identify for 30 gold pieces
 25495 | Orc:2    | Bought a scroll of identify for 28 gold pieces
 25495 | Orc:2    | Bought a scroll of identify for 28 gold pieces
 25495 | Orc:2    | Bought a scroll of enchant weapon for 105 gold pieces
 26045 | D:11     | Found a frozen archway.
 26070 | IceCv    | Entered an ice cave
 26646 | IceCv    | You pick up a book of Battle and begin reading...
 26646 | IceCv    | You add the spells Ozocubu's Armour and Manifold Assault to
                  | your library.
 26803 | D:11     | Found a shimmering blue altar of Sif Muna.
 26816 | D:11     | Reached skill level 7 in Armour
 27262 | D:11     | Reached XP level 15. HP: 174/183 MP: 15/15
 27262 | D:11     | Gained mutation: You cannot be stealthy. [Ru sacrifice]
 27262 | D:11     | Reached ***** piety under Ru
 27910 | D:12     | You pick up a book of Fire and begin reading...
 27910 | D:12     | You add the spells Foxfire, Plasma Beam and Starburst to
                  | your library.
 28766 | D:12     | Found a runed translucent door.
 29004 | D:12     | Found a runed translucent gate.
 29004 | D:12     | Found a runed translucent gate.
 29011 | D:12     | Identified the +3 whip "Rosix" {elec, rF+ rC- Dex+5 SInv}
 29014 | D:12     | Found a runed translucent gate.
 29014 | D:12     | Found a runed translucent gate.
 29014 | D:12     | Found a runed translucent gate.
 29015 | D:12     | Found a runed translucent gate.
 29094 | D:12     | Reached skill level 8 in Armour
 29184 | D:12     | Identified the ring of the Oligarchy {*Corrode rC+++ AC+4
                  | Str+5 Int-2}
 30278 | D:14     | Found a radiant altar of Vehumet.
 30466 | D:14     | Reached skill level 21 in Fighting
 30475 | D:14     | Gained mutation: You cannot study or cast Fire magic. [Ru
                  | sacrifice]
 30475 | D:14     | Gained mutation: You cannot study or cast Hexes magic. [Ru
                  | sacrifice]
 30475 | D:14     | Gained mutation: You cannot study or cast Translocations
                  | magic. [Ru sacrifice]
 30509 | D:14     | You pick up a book of Weapons and begin reading...
 30614 | D:14     | Reached skill level 15 in Maces & Flails
 30981 | D:14     | Found a gate to the Vaults.
 31018 | D:14     | You pick up a book of Burglary and begin reading...
 31018 | D:14     | You add the spells Passwall and Swiftness to your library.
 31152 | D:15     | Entered Level 15 of the Dungeon
 31504 | D:14     | Reached skill level 9 in Armour
 31779 | D:15     | Found a transporter.
 31783 | D:15     | Noticed Behejivea's ghost (adept DsEE)
 31797 | D:15     | Found a transporter.
 32009 | D:15     | Found a staircase to the Depths.
 32201 | D:15     | Reached XP level 16. HP: 85/175 MP: 7/16
 32434 | D:15     | Killed Behejivea's ghost
 32437 | D:15     | Identified the amulet "Uralul" {Regen+ Str+3 Dex-3 Stlth+}
 32449 | D:15     | Identified the ring "Geiteib" {rElec rPois Will+ Str+2
                  | Dex+3}
 33129 | Lair:1   | You pick up a book of Blasting and begin reading...
 33241 | Lair:1   | magus.rc [v1.9.6]
 33260 | Spider:1 | Entered Level 1 of the Spider Nest
 33367 | Spider:1 | Upgraded the game from 0.31-a0-1405-g2bb1a01664 to
                  | 0.31-a0-1424-g2add1c7226
 33367 | Spider:1 | magus.rc [v1.9.6]
 33556 | Spider:1 | Identified the +4 falchion "Suonoajog" {antimagic, rCorr}
 33629 | Spider:1 | Reached skill level 22 in Fighting
 33736 | Spider:1 | HP: 43/191 [wolf spider (15)]
 33759 | Spider:1 | Reached skill level 10 in Armour
 34147 | Spider:1 | Reached skill level 16 in Maces & Flails
 35533 | Spider:2 | You pick up a book of Callings and begin reading...
 35534 | Spider:2 | Acquired the +0 kite shield of Trumpets {Fly Slay+3}
 35581 | Spider:2 | Reached skill level 11 in Armour
 35853 | Spider:3 | You pick up a book of Decay and begin reading...
 35853 | Spider:3 | You add the spells Cigotuvi's Dreadful Rot and Dispel
                  | Undead to your library.
 35863 | Spider:3 | Noticed Arachne
 35875 | Spider:3 | Killed Arachne
 36117 | Spider:3 | Reached skill level 23 in Fighting
 36431 | Spider:3 | Gained mutation: You cannot voluntarily change form. [Ru
                  | sacrifice]
 36458 | Spider:3 | HP: 48/204 [emperor scorpion (13)]
 36928 | Spider:3 | Reached XP level 17. HP: 211/211 MP: 17/17
 37414 | Spider:4 | Entered Level 4 of the Spider Nest
 38085 | Spider:4 | Reached skill level 11 in Shields
 38320 | Spider:4 | Reached skill level 12 in Armour
 38735 | Spider:4 | Got a gossamer rune of Zot
 38918 | Spider:4 | Paralysed by a jorogumo for 2 turns
 39057 | Spider:4 | Reached skill level 24 in Fighting
 39191 | Shoals:1 | Entered Level 1 of the Shoals
 39528 | Shoals:1 | Gained mutation: Your casting is disrupted. [Ru sacrifice]
 39528 | Shoals:1 | Reached ****** piety under Ru
 39932 | Shoals:1 | Reached skill level 12 in Shields
 40258 | Shoals:2 | Found Kafats's Antique Weapon Shop.
 40443 | Shoals:2 | Reached XP level 18. HP: 201/209 MP: 18/18
 40528 | Shoals:2 | Identified the +4 whip of the Trees {pain, Int+2 Dex+2}
 40543 | Shoals:2 | Reached skill level 13 in Armour
 40719 | Shoals:2 | You pick up a book of Fire and begin reading...
 40766 | Shoals:2 | You pick up a book of Sloth and begin reading...
 40771 | Shoals:2 | You add the spells Borgnjor's Revivification and Death's
                  | Door to your library.
 41665 | Shoals:3 | Found a transporter.
 41668 | Shoals:3 | Found a transporter.
 41669 | Shoals:3 | Noticed Offakuizui's ghost (adept HuCj)
 41671 | Shoals:3 | Found the ring of the Octopus King {rC+ HP+2 AC+2 EV+2
                  | SH+2}
 42103 | Shoals:4 | Entered Level 4 of the Shoals
 42298 | Shoals:4 | Found the amulet of Vitality {RegenMP++ Regen++}
 42591 | Shoals:4 | Reached skill level 25 in Fighting
 42722 | Shoals:4 | Noticed Ilsuiw
 42748 | Shoals:4 | Identified the +5 battleaxe "Temul" {holy, Str+5}
 42805 | Shoals:4 | Reached skill level 13 in Shields
 42858 | Shoals:4 | Got a barnacled rune of Zot
 43031 | Shoals:4 | Killed Ilsuiw
 43493 | Shoals:4 | You pick up a book of Spatial Translocations and begin
                  | reading...
 43660 | Shoals:3 | Killed Offakuizui's ghost
 43661 | Shoals:3 | Reached skill level 14 in Armour
 43689 | Shoals:3 | You pick up a book of Misfortune and begin reading...
 43990 | Vaults:1 | Entered Level 1 of the Vaults
 44069 | Vaults:1 | You pick up a book of Scorching and begin reading...
 44385 | Vaults:1 | Reached XP level 19. HP: 213/217 MP: 19/19
 44390 | Vaults:1 | Found Gennoy's Weapon Emporium.
 44661 | Vaults:1 | Found a portal to a secret trove of treasure.
 44934 | Vaults:1 | You pick up a book of the Hunter and begin reading...
 45208 | Vaults:2 | Found a staircase to the Crypt.
 45208 | Vaults:2 | Found an ancient bone altar of Kikubaaqudgha.
 45246 | Vaults:2 | Reached skill level 7 in Evocations
 45355 | Vaults:2 | Reached skill level 26 in Fighting
 45479 | Vaults:2 | Found Rapseun's Antique Armour Emporium.
 45490 | Vaults:2 | You pick up a book of Spatial Translocations and begin
                  | reading...
 45513 | Vaults:2 | Reached skill level 14 in Shields
 46000 | Vaults:2 | Got Walurynn's Atlas of the Sepulchral Anticline
 46072 | Vaults:2 | magus.rc [v1.9.6]
 46129 | Vaults:3 | Reached skill level 8 in Evocations
 46247 | Vaults:3 | magus.rc [v1.9.6]
 46306 | Vaults:3 | Identified the +6 orcbow "Irafeasta" {flame, Will+ Int+2}
 46548 | Vaults:3 | Reached skill level 9 in Evocations
 46686 | Vaults:3 | Reached skill level 27 in Fighting
 47171 | Vaults:4 | Reached XP level 20. HP: 205/256 MP: 20/20
 47269 | Vaults:4 | Reached skill level 10 in Evocations
 47977 | Vaults:4 | You pick up a book of Burglary and begin reading...
 48551 | Vaults:4 | Reached skill level 15 in Armour
 48554 | Vaults:4 | Reached skill level 15 in Shields
 49090 | Elf:1    | Entered Level 1 of the Elven Halls
 49232 | Elf:1    | Paralysed by an air elemental for 1 turns
 49394 | Elf:1    | Noticed Nikola
 49405 | Elf:1    | Killed Nikola
 49665 | Elf:1    | Noticed Norris
 49684 | Elf:1    | Killed Norris
 50072 | Elf:1    | magus.rc [v1.9.6]
 50303 | Elf:2    | Found Vefuom's Jewellery Boutique.
 50346 | Elf:2    | Reached XP level 21. HP: 221/230 MP: 21/21
 50537 | Elf:2    | Found a huge runed translucent gate.
 50537 | Elf:2    | Found a huge runed translucent gate.
 50537 | Elf:2    | Found a huge runed translucent gate.
 50544 | Elf:2    | Found a huge runed translucent gate.
 50545 | Elf:2    | Found a huge runed translucent gate.
 50778 | Elf:2    | Reached skill level 16 in Armour
 50778 | Elf:2    | Reached skill level 16 in Shields
 50783 | Elf:2    | Reached skill level 1 in Axes
 50783 | Elf:2    | Noticed Zenata
 50802 | Elf:2    | Reached skill level 2 in Axes
 51076 | Elf:2    | Reached skill level 3 in Axes
 51093 | Elf:2    | Reached skill level 4 in Axes
 51098 | Elf:2    | Killed Zenata
 51519 | Elf:3    | Entered Level 3 of the Elven Halls
 51575 | Elf:3    | Identified the serpent talisman "Kaxoqex" {rF- Str+3 Int+3}
 51575 | Elf:3    | Noticed Aizul
 51589 | Elf:3    | Killed Aizul
 51590 | Elf:3    | Reached skill level 5 in Axes
 51819 | Elf:3    | Reached skill level 6 in Axes
 52068 | Elf:3    | Found Vaizoq's Book Shop.
 52068 | Elf:3    | Found Saevvo Lihae's Jewellery Shoppe.
 52070 | Elf:3    | Found Sileireum's Jewellery Shoppe.
 52140 | Elf:3    | Noticed Saint Roka
 52161 | Elf:3    | Killed Saint Roka
 52162 | Elf:3    | Reached skill level 7 in Axes
 52541 | Elf:3    | Reached skill level 8 in Axes
 52621 | Elf:3    | Reached skill level 9 in Axes
 52721 | Elf:3    | Identified the +6 long sword of Fedhas, Riding {drain,
                  | rPois Dex+4}
 52779 | Elf:3    | Reached skill level 10 in Axes
 52848 | Elf:3    | Found the +2 ratskin cloak {*Rats rPois rN+ Str-1 Int-1
                  | Dex+1}
 52849 | Elf:3    | Identified the amulet of the Muttering Gods {Acrobat rF+
                  | Stlth+}
 52902 | Elf:3    | Identified the +6 whip of the Establishment {protect, rF+
                  | rCorr}
 52910 | Elf:3    | You pick up a book of Blood and begin reading...
 52919 | Elf:3    | Identified the +6 whip of Ignis's Displeasure {heavy, rN++
                  | Will- Int+2 Dex+4}
 52957 | Elf:3    | Identified a ring "Ginkuemu" {Fly Str+6 Int+3 Dex-2}
 52975 | Elf:3    | Identified the amulet of Mistrust {rElec rN+++ Regen+ Str-5
                  | Dex+3}
 53001 | Elf:3    | You pick up a book of Necromancy and begin reading...
 53001 | Elf:3    | You add the spells Necrotise, Vampiric Draining and Agony
                  | to your library.
 53027 | Elf:3    | Got the Disquisition on the Grim Crevasse
 53576 | Depths:1 | Entered Level 1 of the Depths
 53796 | Depths:1 | You add the spells Arcjolt and Maxwell's Capacitive
                  | Coupling to your library.
 53891 | Depths:1 | Reached skill level 11 in Axes
 53895 | Depths:1 | Found a one-way gate leading to the halls of Pandemonium.
 53960 | Depths:1 | Found a one-way gate to the infinite horrors of the Abyss.
 53962 | Depths:1 | Noticed Louise
 53976 | Depths:1 | Killed Louise
 54267 | Depths:1 | Found a gateway to Hell.
 54430 | Depths:2 | Reached XP level 22. HP: 257/263 MP: 22/22
 54495 | Depths:1 | magus.rc [v1.9.6]
 54504 | Depths:1 | Reached skill level 12 in Axes
 54777 | Depths:2 | Noticed a juggernaut
 54796 | Depths:2 | Killed a juggernaut
 54801 | Depths:2 | HP: 57/264 [spriggan air mage/the air (13)]
 54920 | Depths:2 | Noticed a caustic shrike
 54937 | Depths:2 | Killed a caustic shrike
 54940 | Depths:2 | Reached skill level 13 in Axes
 55007 | Depths:2 | Noticed a caustic shrike
 55017 | Depths:2 | Killed a caustic shrike
 55172 | Depths:2 | Reached skill level 14 in Axes
 55373 | Depths:2 | Reached skill level 15 in Axes
 55669 | Depths:2 | You pick up a book of Dangerous Friends and begin
                  | reading...
 55897 | Depths:3 | Identified the +1 robe "Ofiomeak" {Harm rC- Dex+4 Stlth+}
 56221 | Depths:3 | Found a white marble altar of Elyvilon.
 56357 | Depths:4 | Entered Level 4 of the Depths
 56367 | Depths:4 | Found Homi's Book Boutique.
 56431 | Depths:4 | Reached skill level 17 in Shields
 56676 | Depths:4 | Reached XP level 23. HP: 229/284 MP: 23/23
 56838 | Depths:4 | Found a sparkling altar of Nemelex Xobeh.
 56867 | Depths:4 | Found a one-way gateway to a ziggurat.
 56905 | Depths:4 | Noticed a caustic shrike
 56905 | Depths:4 | Noticed a caustic shrike
 56906 | Depths:4 | Noticed a caustic shrike
 56906 | Depths:4 | Noticed a caustic shrike
 56911 | Depths:4 | Noticed a caustic shrike
 56917 | Depths:4 | Killed a caustic shrike
 56917 | Depths:4 | Killed a caustic shrike
 56917 | Depths:4 | Killed a caustic shrike
 56927 | Depths:4 | Killed a caustic shrike
 56929 | Depths:4 | Killed a caustic shrike
 56930 | Depths:4 | Reached skill level 18 in Shields
 56981 | Depths:4 | Noticed a caustic shrike
 56982 | Depths:4 | Noticed a caustic shrike
 56990 | Depths:4 | Noticed a caustic shrike
 56999 | Depths:4 | Killed a caustic shrike
 57043 | Depths:4 | HP: 67/273 [death yak[a spriggan berserker] (36)]
 57043 | Depths:4 | HP: 31/273 [spriggan berserker/+0 war axe (36)]
 57137 | Depths:4 | a purple draconian comes into view. It is wielding a +0
                  | halberd and wearing the necklace of Bloodlust {Fury *Rage
                  | Will++ Int-3 Slay+6}.
 57364 | Depths:4 | Killed a caustic shrike
 57386 | Depths:4 | Killed a caustic shrike
 57511 | Depths:4 | Found a runed translucent door.
 57530 | Depths:4 | Found a runed translucent door.
 57540 | Depths:4 | Found a runed translucent door.
 57540 | Depths:4 | Found a runed translucent door.
 57560 | Depths:4 | Found a runed translucent door.
 57567 | Depths:4 | Found a runed translucent door.
 57613 | Depths:4 | Reached skill level 19 in Shields
 57739 | Depths:4 | Found a gate to the Realm of Zot.
 58081 | Depths:4 | Noticed a juggernaut
 58091 | Depths:4 | Killed a juggernaut
 58334 | Vaults:5 | Entered Level 5 of the Vaults
 58592 | Vaults:4 | magus.rc [v1.9.6]
 58840 | Vaults:5 | Identified the amulet "Keeb Durch" {Faith Dex+4 Slay+2}
 58851 | Vaults:5 | Reached XP level 24. HP: 293/295 MP: 23/23
 58877 | Vaults:5 | Noticed an ancient lich
 58880 | Vaults:5 | Reached skill level 20 in Shields
 58891 | Vaults:5 | Killed an ancient lich
 58892 | Vaults:5 | Reached skill level 17 in Armour
 58945 | Vaults:5 | Identified the staff of Devotion {rPois rF+ Fire}
 59056 | Vaults:5 | Identified the +9 sling of Vaneir {drain, rN+ Str+3}
 59353 | Vaults:5 | You pick up a book of Debilitation and begin reading...
 59373 | Vaults:5 | Got a silver rune of Zot
 59458 | Vaults:5 | Found Usehiur's Assorted Antiques.
 59502 | Vaults:5 | Reached skill level 18 in Armour
 59672 | Vaults:5 | Identified the +4 kite shield "Lujiqato" {rElec rPois rC+
                  | Int+3}
 59693 | Vaults:5 | Got the Annotations on the Fairies and Exhalation
 59889 | Vaults:5 | Identified the +0 helmet "Qamibet" {*Slow rN+ Str+6}
 60375 | Zot:1    | Entered Level 1 of the Realm of Zot
 60378 | Zot:1    | Noticed an orb of fire
 60379 | Zot:1    | Reached skill level 19 in Armour
 60389 | Zot:1    | Killed an orb of fire
 60407 | Depths:4 | magus.rc [v1.9.6]
 60496 | Zot:2    | Noticed a curse toe
 60512 | Zot:1    | Reached skill level 20 in Armour
 60589 | Zot:1    | Killed a curse toe
 60723 | Zot:1    | +0 shadow dragon scales {rare}; a shadow dragon corpse
 60733 | Zot:1    | Reached XP level 25. HP: 249/289 MP: 23/23
 60734 | Zot:1    | +0 shadow dragon scales {rare}; a shadow dragon corpse
 60779 | Zot:2    | Noticed a curse toe
 60786 | Zot:2    | Killed a curse toe
 60850 | Zot:1    | +0 shadow dragon scales {rare}; a shadow dragon corpse
 60870 | Zot:3    | Reached skill level 11 in Evocations
 60967 | Zot:4    | Reached skill level 12 in Evocations
 60986 | Zot:5    | Entered Level 5 of the Realm of Zot
 61066 | Zot:5    | HP: 75/304 [green draconian/+0 glaive[a red draconian
                  | scorcher] (13)]
 61180 | Zot:5    | Reached skill level 13 in Evocations
 61209 | Zot:5    | Got a prismatic gem with 869 turns to spare
 61238 | Zot:5    | Noticed an electric golem
 61238 | Zot:5    | Noticed a Killer Klown
 61238 | Zot:5    | Noticed a Killer Klown
 61238 | Zot:5    | Noticed a Killer Klown
 61238 | Zot:5    | Noticed a Killer Klown
 61238 | Zot:5    | Noticed a Killer Klown
 61238 | Zot:5    | Noticed an ancient lich
 61238 | Zot:5    | Noticed an orb of fire
 61238 | Zot:5    | Noticed a dread lich
 61244 | Zot:5    | Got the Orb of Zot
 61246 | Zot:5    | Noticed an electric golem
 61306 | Zot:4    | +0 storm dragon scales {rare}; a storm dragon skeleton
 61308 | Zot:4    | Identified the amulet "Baidyluda" {Faith rElec Dex+7 Slay+3
                  | Stlth-}
 61330 | Zot:1    | +0 shadow dragon scales {rare}; a shadow dragon skeleton
 61678 | D:5      | Noticed Daf Asy the pandemonium lord
 61739 | D:$      | Escaped with the Orb!

Vanquished Creatures
  An ancient lich (Vaults:5)
  An orb of fire (Zot:1)
  2 juggernauts
  2 curse toes
  Saint Roka (Elf:3)
  10 caustic shrikes
  5 golden dragons
  Nikola (Elf:1)
  Norris (Elf:1)
  4 bone dragons
  Arachne (Spider:3)
  Zenata (Elf:2)
  A walking earthen tome (Depths:2)
  7 tentacled monstrosities
  5 deep elf blademasters
  A walking crystal tome (Depths:2)
  8 Orb Guardians
  2 liches
  4 titans
  4 deep elf master archers (Elf:3)
  3 quicksilver dragons
  4 sphinxes
  The ghost of Behejivea the Destroyer, an adept DsEE of Gozag (D:15)
  5 death cobs
  13 shadow dragons
  Aizul (Elf:3)
  8 storm dragons
  The ghost of Offakuizui the Destroyer, an adept HuCj of Sif Muna (Shoals:3)
  2 tengu reavers
  2 protean progenitors (Zot:1)
  5 draconian monks
  8 fire giants
  2 draconian knights
  Ilsuiw (Shoals:4)
  4 draconian scorchers (Zot:1)
  4 deep elf sorcerers (Elf:3)
  3 iron dragons
  8 frost giants
  An emperor scorpion (Spider:3)
  15 vault wardens
  7 draconian shifters
  Louise (Depths:1)
  An orc warlord (Vaults:4)
  2 deep elf elementalists (Elf:3)
  7 ghost moths
  20 ironbound preservers
  3 draconian stormcallers
  A reaper (Depths:4)
  10 draconian annihilators
  2 very ugly things (Depths:1)
  2 spriggan defenders (Depths:3)
  17 stone giants
  2 formless jellyfish
  7 broodmothers
  3 deep elf demonologists
  6 deep elf death magi
  3 vampire knights
  11 green draconians
  9 black draconians
  7 ironbound thunderhulks
  3 purple draconians
  8 yellow draconians
  5 deep elf annihilators
  11 white draconians
  11 dire elephants
  4 red draconians
  3 war gargoyles (Vaults:5)
  2 spark wasps
  2 green deaths
  9 ettins
  4 merfolk javelineers (Shoals:4)
  10 yaktaur captains
  12 fire dragons
  8 merfolk impalers
  5 entropy weavers
  4 deep elf high priests
  A spectral kraken (Shoals:3)
  9 ice dragons
  6 hydras
  25 vault guards
  10 ironbound frosthearts
  A peacekeeper (Vaults:4)
  2 rakshasas
  7 great orbs of eyes
  5 catoblepae
  A hell beast (Depths:1)
  5 spriggan air magi
  Harold (Orc:1)
  7 merfolk avatars
  5 radroaches
  7 centaur warriors
  2 ogre magi (Vaults:5)
  A jorogumo (Spider:4)
  13 boulder beetles
  3 merfolk aquamancers (Shoals:4)
  A death knight (D:14)
  An alligator snapping turtle (Shoals:4)
  5 deep troll earth magi
  10 deep troll shamans
  5 tengu warriors
  29 dancing weapons
  10 death yaks
  8 demonic crawlers
  3 orc high priests
  2 hell knights
  11 spriggan berserkers
  A sun demon (Depths:1)
  Urug (Lair:4)
  5 soul eaters
  A shock serpent (shapeshifter) (Vaults:5)
  11 deep elf knights
  A skeletal warrior (D:15)
  2 sixfirhies
  6 iron trolls
  5 pharaoh ants
  A salamander mystic (Depths:1)
  58 deep trolls
  9 skysharks
  3 death drakes
  2 fire crabs (Shoals:1)
  10 sea snakes
  24 slime creatures
  10 orb spiders
  A flayed ghost (Depths:2)
  14 deep elf archers
  4 glowing orange brains
  5 arcanists
  A sun moth (shapeshifter) (Vaults:5)
  A sun moth (Spider:3)
  33 harpies
  8 ironbound convokers
  30 deep elf zephyrmancers
  4 orc knights
  18 lindwurms
  27 deep elf pyromancers
  A necromancer (Vaults:4)
  A fire giant zombie (Vaults:4)
  8 phantasmal warriors
  2 steelbarb worms
  7 orc sorcerers
  23 wolf spiders
  12 fauns
  6 cyclopes
  A sphinx simulacrum (Vaults:4)
  A faun (shapeshifter) (Vaults:5)
  25 ugly things
  4 salamanders (Depths:1)
  Maurice (D:7)
  13 manticores
  A salamander (shapeshifter) (Depths:2)
  A stone giant zombie (Vaults:4)
  21 moths of wrath
  3 meliai (Spider:1)
  11 torpor snails
  A meliai (shapeshifter) (Elf:2)
  7 merfolk sirens
  11 vault sentinels
  9 elephants
  4 kobold blastminers
  5 water nymphs
  A stone giant skeleton (Vaults:4)
  4 black mambas
  3 ice statues (IceCv)
  9 cane toads
  2 gargoyles
  A spectral sea snake (Shoals:3)
  An elf skeleton (Vaults:4)
  40 yaktaurs
  3 efreet
  A freezing wraith (D:15)
  2 ice devils (D:11)
  A kobold demonologist (D:13)
  A rime drake (shapeshifter) (Vaults:5)
  A rime drake (Lair:4)
  2 tormentors
  3 guardian mummies
  16 komodo dragons
  5 wind drakes
  A merfolk (shapeshifter) (Vaults:5)
  A troll (shapeshifter) (Elf:3)
  A wolf spider simulacrum (D:14)
  17 hornets
  8 trolls
  3 polar bears
  4 tyrant leeches (Lair:5)
  27 tarantellas
  3 glass eyes
  A raiju (shapeshifter) (Vaults:4)
  40 merfolk
  8 dream sheep
  4 blink frogs (Lair:5)
  18 culicivoras
  Sigmund (D:2)
  12 snapping turtles
  10 spriggans
  30 jumping spiders
  3 wraiths
  An air elemental (Elf:1)
  2 shadows (D:11)
  6 wyverns
  A vampire (D:11)
  22 water elementals
  2 fire elementals
  47 yaks
  9 basilisks
  2 fire bats (Shoals:1)
  A death yak simulacrum (IceCv)
  A steam dragon (shapeshifter) (Vaults:5)
  2 wargs
  38 redbacks
  2 vampire mosquitoes
  Edmund (D:4)
  An acid dragon (shapeshifter) (D:10)
  2 acid dragons
  A hydra simulacrum (IceCv)
  A harpy simulacrum (IceCv)
  5 hell hounds (Depths:4)
  15 water moccasins
  2 spectral snapping turtles (Shoals:3)
  An ice beast (Vaults:4)
  31 orc warriors
  A sky beast (D:8)
  An ice beast (shapeshifter) (Elf:2)
  A black bear (D:6)
  6 ogres
  9 wolves
  3 centaurs
  3 lemures (D:4)
  4 kobold brigands
  12 bullfrogs
  A gnoll sergeant (D:8)
  2 earth elementals
  3 scorpions
  3 killer bees (D:9)
  An electric eel (D:14)
  4 howler monkeys
  2 bombardier beetles (D:6)
  3 lava snakes (D:12)
  2 hounds
  5 jellies
  23 orc priests
  2 sleepcaps
  Jessica (D:2)
  14 iguanas
  42 orc wizards
  6 mutant beasts
  2 polar bear simulacra (IceCv)
  2 wolf simulacra (IceCv)
  11 gnolls
  12 adders
  2 white imps
  2 ufetubi (D:5)
  2 worms
  A dart slug (D:4)
  79 orcs
  3 ball pythons
  6 endoplasms
  3 giant cockroaches
  8 goblins
  7 hobgoblins
  6 jackals
  4 quokkas
  A bat (D:3)
  20 frilled lizards
  28 kobolds
  7 rats
  A tentacle (Shoals:3)
1891 creatures vanquished.

Vanquished Creatures (collateral kills)
  A boulder beetle (Lair:2)
  A polar bear (Lair:2)
  A sky beast (D:7)
3 creatures vanquished.

Vanquished Creatures (others)
  2 tentacled monstrosities
  A quicksilver dragon (Depths:2)
  A sphinx (Vaults:5)
  2 death cobs
  An eldritch tentacle (Zot:5)
  A storm dragon (Depths:2)
  A draconian knight (Zot:4)
  A fire giant (Vaults:5)
  3 vault wardens
  A draconian scorcher (Zot:1)
  A frost giant (Depths:4)
  A green draconian (Depths:4)
  2 deep elf death magi
  2 purple draconians
  A red draconian (Zot:3)
  A white draconian (Zot:3)
  4 ettins
  A fire dragon (Depths:4)
  A rakshasa (Depths:4)
  A vault guard (Vaults:4)
  A deep elf knight (Elf:2)
  A spriggan berserker (Depths:3)
  A deep troll (Vaults:3)
  2 deep elf zephyrmancers (Elf:2)
  A deep elf pyromancer (Elf:1)
  2 harpies (Shoals:1)
  A spectral alligator snapping turtle (Shoals:3)
  A moth of wrath (Zot:5)
  A black mamba (Lair:2)
  A kobold blastminer (Orc:2)
  A torpor snail (Lair:5)
  A cane toad (shapeshifter) (Elf:1)
  A hellion (D:5)
  3 yaktaurs
  2 tarantellas
  A merfolk (Shoals:1)
  A wyvern (D:10)
  4 water elementals
  A warg (Elf:2)
  A redback (Vaults:1)
  2 orc warriors (Elf:2)
  An orc priest (Orc:1)
  3 orc wizards
  6 orcs
  3 kobolds
  A frilled lizard (Lair:4)
  3 tentacles (Shoals:3)
76 creatures vanquished.

Grand Total: 1970 creatures vanquished

Table legend:
 A = Non-vault XP
 B = Vault XP
 C = Vault XP percentage of total XP
 D = Non-vault monster count
 E = Vault monster count
 F = Vault count percentage of total count
                 A         B        C        D         E       F
            +---------+---------+-------+---------+---------+-------
      Total |  564768 |  472122 |  45.5 |    1231 |     691 |  36.0
            +---------+---------+-------+---------+---------+-------
        D:1 |      40 |       0 |   0.0 |      25 |       0 |   0.0
        D:2 |      66 |     276 |  80.7 |      11 |       2 |  15.4
        D:3 |     164 |       0 |   0.0 |      28 |       0 |   0.0
        D:4 |     252 |     171 |  40.4 |      20 |       1 |   4.8
        D:5 |     725 |       0 |   0.0 |      17 |       0 |   0.0
        D:6 |     605 |      33 |   5.2 |      13 |       1 |   7.1
        D:7 |     886 |     991 |  52.8 |      17 |       5 |  22.7
        D:8 |    2708 |    4445 |  62.1 |      24 |       7 |  22.6
        D:9 |    2345 |       0 |   0.0 |      17 |       0 |   0.0
       D:10 |    1246 |    1863 |  59.9 |      21 |      19 |  47.5
       D:11 |    3861 |     660 |  14.6 |      16 |       2 |  11.1
       D:12 |    6743 |    5913 |  46.7 |      16 |      14 |  46.7
       D:13 |    6108 |       0 |   0.0 |      14 |       0 |   0.0
       D:14 |    7583 |    3432 |  31.2 |      19 |       5 |  20.8
       D:15 |    5874 |    9373 |  61.5 |      11 |      13 |  54.2
     Temple |     157 |      30 |  16.0 |       1 |       1 |  50.0
     Lair:1 |    4735 |    1222 |  20.5 |      15 |       6 |  28.6
     Lair:2 |   10709 |       0 |   0.0 |      21 |       0 |   0.0
     Lair:3 |    7259 |    3220 |  30.7 |      30 |       9 |  23.1
     Lair:4 |    7839 |    3797 |  32.6 |      31 |      39 |  55.7
     Lair:5 |    8981 |    6268 |  41.1 |      35 |      17 |  32.7
   Shoals:1 |   15790 |    4664 |  22.8 |      33 |      10 |  23.3
   Shoals:2 |   12500 |       0 |   0.0 |      27 |       0 |   0.0
   Shoals:3 |   10392 |    6064 |  36.8 |      24 |      11 |  31.4
   Shoals:4 |   15078 |   20324 |  57.4 |      34 |      39 |  53.4
   Spider:1 |   15423 |    4802 |  23.7 |      39 |      12 |  23.5
   Spider:2 |   11380 |       0 |   0.0 |      28 |       0 |   0.0
   Spider:3 |   18381 |    3924 |  17.6 |      41 |       3 |   6.8
   Spider:4 |   12297 |   19290 |  61.1 |      29 |      38 |  56.7
      Orc:1 |    2416 |     839 |  25.8 |      39 |       1 |   2.5
      Orc:2 |    3221 |    5181 |  61.7 |      35 |      49 |  58.3
      Elf:1 |   15873 |   10816 |  40.5 |      26 |      15 |  36.6
      Elf:2 |   18683 |   22859 |  55.0 |      35 |      29 |  45.3
      Elf:3 |   18854 |   32626 |  63.4 |      30 |      33 |  52.4
   Vaults:1 |   17063 |   10762 |  38.7 |      32 |      18 |  36.0
   Vaults:2 |   16558 |    8848 |  34.8 |      26 |      11 |  29.7
   Vaults:3 |   20574 |   18294 |  47.1 |      32 |      23 |  41.8
   Vaults:4 |   27379 |   58197 |  68.0 |      45 |      75 |  62.5
   Vaults:5 |   17204 |   61648 |  78.2 |      32 |      57 |  64.0
   Depths:1 |   21859 |    4394 |  16.7 |      33 |       5 |  13.2
   Depths:2 |   34815 |   37060 |  51.6 |      52 |      27 |  34.2
   Depths:3 |   19435 |       0 |   0.0 |      22 |       0 |   0.0
   Depths:4 |   54834 |   36047 |  39.7 |      51 |      35 |  40.7
      Zot:1 |   39094 |   34461 |  46.9 |      37 |      29 |  43.9
      Zot:2 |       0 |    8984 | 100.0 |       0 |       7 | 100.0
      Zot:3 |    7722 |       0 |   0.0 |       9 |       0 |   0.0
      Zot:4 |   24879 |       0 |   0.0 |      24 |       0 |   0.0
      Zot:5 |   14178 |   17457 |  55.2 |      14 |      11 |  44.0
      IceCv |       0 |    2887 | 100.0 |       0 |      12 | 100.0
            +---------+---------+-------+---------+---------+-------

Skill      XL: |  1  2  3  4  5  6  7  8  9 10 11 12 13 14 15 16 17 18 19 20 21 22 23 24 25 |
---------------+----------------------------------------------------------------------------+-----
Fighting       | 5 6 7 9 11 13 15 17 18 20 21 23 24 25 27 | 27.0
Maces & Flails | 3 4 5 6 8 10 11 12 14 15 16 | 16.0
Shields        | 6 9 10 12 13 14 15 16 17 19 20 | 20.0
Dodging        | 3 0 |  0.0
Armour         | 5 7 9 11 12 14 15 16 20 | 20.0
Evocations     | 2 6 9 10 13 | 13.5
Axes           | 11 15 | 15.1

Action                     |  1- 3 |  4- 6 |  7- 9 | 10-12 | 13-15 | 16-18 | 19-21 | 22-24 | 25-27 || total
---------------------------+-------+-------+-------+-------+-------+-------+-------+-------+-------++-------
  Melee: Flail             |   102 |   181 |   239 |   421 |  1056 |       |       |       |       ||  1999
         Headbutt          |    10 |    23 |    47 |   101 |   314 |   234 |   257 |   268 |    52 ||  1306
         Bite              |       |       |     4 |    62 |   173 |   109 |   142 |   163 |    28 ||   681
         Morningstar       |       |       |       |       |   375 |  1101 |  1165 |   147 |       ||  2788
         Broad axe         |       |       |       |       |       |       |       |   879 |   212 ||  1091
   Fire: Sling             |       |       |    11 |       |       |       |       |       |       ||    11
  Throw: Dart              |     2 |    14 |     9 |     3 |     4 |       |       |       |       ||    32
 Invoke: Sacrifice an Eye  |       |       |       |     1 |       |       |       |       |       ||     1
         Sacrifice Nimblen |       |       |       |     1 |       |       |       |       |       ||     1
         Sacrifice Love    |       |       |       |       |     1 |       |       |       |       ||     1
         Draw Out Power    |       |       |       |       |     2 |     2 |     4 |     8 |     2 ||    18
         Reject Sacrifices |       |       |       |       |     1 |     1 |       |       |       ||     2
         Sacrifice Essence |       |       |       |       |     1 |     1 |       |       |       ||     2
         Apocalypse        |       |       |       |       |     1 |     3 |     3 |     2 |     1 ||    10
         Sacrifice Stealth |       |       |       |       |     1 |       |       |       |       ||     1
         Sacrifice Arcana  |       |       |       |       |     1 |       |       |       |       ||     1
         Sacrifice Forms   |       |       |       |       |       |     1 |       |       |       ||     1
  Evoke: Wand              |       |       |     4 |     2 |     8 |     5 |     5 |     3 |     1 ||    28
         Box of beasts     |       |       |       |     1 |     1 |       |       |       |       ||     2
         Lightning rod     |       |       |       |       |       |     4 |     7 |    10 |       ||    21
         Condenser vane    |       |       |       |       |       |       |     3 |     2 |       ||     5
         Phial of floods   |       |       |       |       |       |       |       |     1 |       ||     1
    Use: Scroll            |     1 |     2 |     7 |    10 |    23 |     9 |    10 |    11 |    13 ||    86
         Potion            |       |     1 |     8 |     3 |     4 |     7 |     1 |     9 |     8 ||    41
   Stab: Sleeping          |       |       |     2 |       |     1 |       |       |       |       ||     3
         Invisible         |       |       |       |       |    13 |     9 |    12 |    19 |    25 ||    78
         Distracted        |       |       |       |       |     1 |     7 |     6 |     4 |     2 ||    20
         Petrifying        |       |       |       |       |     1 |       |       |       |       ||     1
         Paralysed         |       |       |       |       |       |    11 |     6 |     7 |     1 ||    25
 Armour: Robe              |    67 |   163 |   182 |    37 |       |       |       |       |       ||   449
         Skin              |       |       |    14 |    28 |    19 |       |       |       |       ||    61
         Acid dragon scale |       |       |       |   291 |   408 |       |       |       |       ||   699
         Fire dragon scale |       |       |       |       |   541 |  1353 |  1170 |  1085 |   215 ||  4364
  Dodge: Dodged            |    41 |    66 |    80 |   115 |   321 |   349 |   314 |   195 |    69 ||  1550
  Block: Kite shield       |    39 |    77 |   114 |   217 |   806 |   778 |   744 |   129 |   202 ||  3106
         Tower shield      |       |       |       |       |       |       |       |  1063 |       ||  1063

Illustrated notes

Table legend:
 A = Kills in this place as a percentage of kills in the entire game.
 B = Kills by you in this place as a percentage of kills by you in the entire game.
 C = Kills by friends in this place as a percentage of kills by friends in the entire game.
 D = Other kills in this place as a percentage of other kills in the entire game.
 E = Experience gained in this place as a percentage of experience gained in the entire game.
 F = Experience gained in this place divided by the number of levels of this place that you have seen.
                   A       B       C       D       E      F
               +-------+-------+-------+-------+-------+----------------------
         Total | 100.0 | 100.0 | 100.0 | 100.0 | 100.0 | 21311.0
       Dungeon |  17.6 |  17.9 |  33.3 |   4.7 |   6.7 | 4630.2
        Temple |   0.1 |   0.1 |   0.0 |   0.0 |   0.0 | 187.0
          Lair |  10.5 |  10.6 |  66.7 |   2.3 |   5.2 | 10806.0
        Shoals |   9.2 |   9.2 |   0.0 |   9.3 |   8.1 | 21203.0
   Spider Nest |   9.8 |  10.0 |   0.0 |   4.7 |   8.2 | 21374.2
  Orcish Mines |   6.4 |   6.5 |   0.0 |   4.7 |   1.1 | 5828.5
   Elven Halls |   8.7 |   8.9 |   0.0 |   2.3 |  11.5 | 39903.7
        Vaults |  18.2 |  18.1 |   0.0 |  20.9 |  24.6 | 51305.4
        Depths |  12.0 |  11.7 |   0.0 |  27.9 |  20.3 | 52984.2
           Zot |   6.8 |   6.5 |   0.0 |  23.3 |  14.1 | 29508.0
      Ice Cave |   0.6 |   0.6 |   0.0 |   0.0 |   0.3 | 2887.0
               +-------+-------+-------+-------+-------+----------------------

Table legend: (Time is in decaauts)
 A = Elapsed time spent in this place.
 B = Non-inter-level travel time spent in this place.
 C = Inter-level travel time spent in this place.
 D = Time resting spent in this place.
 E = Time spent auto-exploring this place.
 F = Levels seen in this place.
 G = Mean time per level.
                   A        B        C        D        E       F      G
               +--------+--------+--------+--------+--------+-----+--------+
         Total |  62231 |  57561 |   4670 |  12666 |  31213 |  49 | 1270.0 |
       Dungeon |  20781 |  18082 |   2699 |   4420 |  10430 |  15 | 1385.4 |
        Temple |    192 |    184 |      8 |    166 |      0 |   1 |  192.0 |
          Lair |  10118 |   9757 |    361 |   2970 |   5057 |   5 | 2023.6 |
        Shoals |   4608 |   4344 |    264 |    504 |   2636 |   4 | 1152.0 |
   Spider Nest |   6005 |   5890 |    115 |   1340 |   3154 |   4 | 1501.2 |
  Orcish Mines |   2913 |   2666 |    247 |    611 |   1282 |   2 | 1456.5 |
   Elven Halls |   4217 |   4053 |    164 |    610 |   2337 |   3 | 1405.7 |
        Vaults |   6913 |   6417 |    496 |    646 |   3938 |   5 | 1382.6 |
        Depths |   5142 |   4859 |    283 |    847 |   2379 |   4 | 1285.5 |
           Zot |    734 |    705 |     29 |    119 |      0 |   5 |  146.8 |
      Ice Cave |    602 |    602 |      0 |    431 |      0 |   1 |  602.0 |
               +--------+--------+--------+--------+--------+-----+--------+

Top non-repeatable levels by time:
  Lair:5: 2616 daAuts
    D:10: 2256 daAuts
Depths:4: 2216 daAuts
  Lair:2: 2211 daAuts
Vaults:4: 2191 daAuts
     D:8: 2161 daAuts
  Lair:4: 2076 daAuts
Spider:3: 2015 daAuts
   Orc:2: 2001 daAuts
     D:7: 1718 daAuts
Spider:1: 1705 daAuts
  Lair:3: 1695 daAuts
   Elf:3: 1668 daAuts
    D:12: 1610 daAuts
  Lair:1: 1518 daAuts
